 Dungeon Crawl Stone Soup version 0.19.5 (webtiles) character file.

15096 Inarius the Basher (level 11, 0/101 HPs)
             Began as a Minotaur Fighter on Apr 19, 2017.
             Was a Priest of Ru.
             Slain by a 12-headed hydra (2 damage)
             ... on level 12 of the Dungeon.
             The game lasted 00:55:38 (13919 turns).

Inarius the Basher (Minotaur Fighter)              Turns: 13919, Time: 00:55:38

Health: 0/101      AC: 22    Str: 23    XL:     11   Next: 97%
Magic:  10/10      EV: 11    Int: 20    God:    Ru [***...]
Gold:   491        SH: 11    Dex: 15    Spells: 0 memorised, 10 levels left

rFire  . . .     SeeInvis .     N - +5 long sword "Afang" {slice, Fragile rElec rF- Int+8}
rCold  + . .     Gourm    .     p - +0 plate armour
rNeg   . . .     Faith    .     c - +0 shield
rPois  +         Spirit   .     (helmet restricted)
rElec  +         Reflect  .     r - +0 cloak {rPois}
rCorr  .         Harm     .     P - +2 pair of gloves "Toxoban" {MR+ Str+3 Int+2}
MR     ++...     Clarity  +     F - +0 pair of boots
Stlth  ..........               (no amulet)
                                s - ring of protection from cold
                                I - ring of protection from fire

@: brilliant, agile, exhausted, slowed, very slow
A: retaliatory headbutt, claws 1, horns 2, blurry vision 1, clarity,
deterioration 1, magic resistance 1, mutation resistance 1, weak 2, no stealth,
hated by all, no air magic, no conjurations magic, no hexes magic
a: Draw Out Power, Renounce Religion


You were on level 12 of the Dungeon.
You worshipped Ru.
Ru was most pleased with you.
You were not hungry.

You visited 1 branch of the dungeon, and saw 13 of its levels.

You collected 661 gold pieces.
You spent 170 gold pieces at shops.

Inventory:

Hand Weapons
 h - a +3 mace
 E - a +6 dire flail of venom
 N - the +5 long sword "Afang" (weapon) {slice, Fragile rElec rF- Int+8}
   (You found it on level 12 of the Dungeon)

   It inflicts extra damage upon your enemies.
   It affects your intelligence (+8).
   It makes you vulnerable to fire.
   It insulates you from electricity.
   It will be destroyed if unequipped.
Armour
 c - a +0 shield (worn)
 p - a +0 plate armour (worn)
 r - a +0 cloak of poison resistance (worn)
 F - a +0 pair of boots (worn)
 P - the +2 pair of gloves "Toxoban" (worn) {MR+ Str+3 Int+2}
   (You found it on level 12 of the Dungeon)

   It affects your strength (+3).
   It affects your intelligence (+2).
   It affects your resistance to hostile enchantments.
Jewellery
 q - an uncursed ring of fire
 s - a ring of protection from cold (right hand)
 I - a ring of protection from fire (left hand)
Wands
 a - a wand of lightning (8/15)
 x - a wand of iceblast (6/15)
 C - a wand of confusion (20/48)
 D - a wand of iceblast (8/15)
 J - a wand of flame (31/48)
 K - a wand of flame (23/48)
Scrolls
 b - 5 scrolls of magic mapping
 i - 5 scrolls of enchant armour {unknown}
 j - 4 scrolls of remove curse
 k - a scroll of blinking
 l - a scroll of fog
 m - 2 scrolls of fear
 v - 3 scrolls of immolation {unknown}
 w - a scroll of amnesia
 y - 5 scrolls of teleportation {unknown}
 A - 4 scrolls of recharging
 H - 2 scrolls of noise {unknown}
Potions
 d - 2 potions of might
 e - 4 potions of lignification
 n - 2 potions of resistance
 o - a potion of heal wounds {unknown}
 t - a potion of agility
 G - a potion of flight {unknown}
 O - a potion of invisibility {unknown}
Miscellaneous
 M - a crystal ball of energy
 Q - a disc of storms
Comestibles
 f - 7 bread rations
 g - 2 beef jerkies
 u - 4 chunks of flesh
 z - 7 royal jellies


   Skills:
 + Level 10.8 Fighting
 + Level 6.8 Long Blades
 + Level 13.6 Maces & Flails
   Level 3.1 Polearms
 + Level 0.6 Throwing
 + Level 12.7 Armour
 + Level 1.6 Dodging
 + Level 6.2 Shields


You had 10 spell levels left.
You didn't know any spells.

Dungeon Overview and Level Annotations

Branches:
Dungeon (13/15)            Temple (0/1) D:6            Lair (0/6) D:11
    Orc (0/2) D:11
 Vaults: D:13-14

Altars:
Ashenzari
Cheibriados
Dithmenos
Elyvilon
Gozag
Kikubaaqudgha
Okawaru
Ru
Vehumet
Zin

Shops:
D:4 %[*   D:5 [   D:8 %   D:12 %

Portals:
Trove: D:11 (give 14 scrolls of teleportation)


Innate Abilities, Weirdness & Mutations

You reflexively headbutt those who attack you in melee.
You have a pair of horns on your head.
You are very weak. (Str -4)
You cannot be stealthy.
You are hated by all.
You cannot study or cast Air magic.
You cannot study or cast Conjurations magic.
You cannot study or cast Hexes magic.
You have sharp fingernails.
Scrolls take you a little longer to read.
You possess an exceptional clarity of mind.
Your body sometimes deteriorates upon taking damage.
You are resistant to hostile enchantments. (MR+)
You are somewhat resistant to further mutation.


Message History

The 12-headed hydra barely misses you.
The 12-headed hydra bites you but does no damage.
The 12-headed hydra closely misses you.
The 12-headed hydra bites you but does no damage.
The 12-headed hydra barely misses you. The 12-headed hydra closely misses you.
The 12-headed hydra bites you but does no damage.
The 12-headed hydra barely misses you. You block the 12-headed hydra's attack.
The 12-headed hydra barely misses you.
The 12-headed hydra bites you but does no damage. x2
You block the 12-headed hydra's attack.
The 12-headed hydra bites you but does no damage.
The 12-headed hydra barely misses you. The 12-headed hydra bites you.
* * * LOW HITPOINT WARNING * * *
The 12-headed hydra bites you but does no damage. x2
You block the 12-headed hydra's attack. The 12-headed hydra bites you.
* * * LOW HITPOINT WARNING * * *
It was a potion of brilliance.
You feel clever all of a sudden. The 12-headed hydra bites you.
You die...

##.....# ####'###
#######'## #......#
#........### #......#
#........[># #......#
'........#)# #......#
#........#.#####......#
##'#######.....#......#
#..# #####.D......#
##.#### ###@.....#
#....# ##...### ####.#
###.#### #####.#####
#......# #.........#
#......#
##.........####......#
.#.........##........#
.#.....∩...##.#......#
.#............#......#


You could see a 12-headed hydra.

Vanquished Creatures
  The ghost of xboxut the Skirmisher, a novice TrBe of Trog (D:8)
  4 hill giants
  3 ugly things
  A gargoyle (D:11)
  2 centaur skeletons
  A komodo dragon (D:11)
  A kobold demonologist (D:11)
  4 trolls
  2 hornets
  A queen bee (D:8)
  4 hippogriffs
  Sigmund (D:2)
  A shadow (D:13)
  8 yaks
  2 wyverns
  A hungry ghost (D:11)
  4 vampire mosquitoes
  A mottled dragon (D:12)
  Menkaure (D:7)
  Edmund (D:5)
  6 ice beasts
  5 orc warriors
  5 sky beasts
  2 centaurs
  4 ogres
  A big kobold (D:7)
  8 bullfrogs
  A wyvern skeleton (D:13)
  A scorpion (D:10)
  19 killer bees
  9 wights
  A howler monkey (D:5)
  5 crimson imps
  2 bullfrog zombies
  A centaur zombie (D:11)
  3 hounds
  4 orc priests
  3 bullfrog skeletons
  5 jellies
  11 orc wizards
  3 iguanas
  3 worker ants
  A killer bee zombie (D:9)
  A worker ant zombie (D:8)
  A gnoll (D:2)
  6 adders
  3 shadow imps
  An ooze (D:2)
  2 adder skeletons
  4 dart slugs
  4 leopard geckos
  27 orcs
  8 giant cockroaches
  6 goblins
  8 hobgoblins
  8 jackals
  5 quokkas
  2 ball pythons
  9 bats
  4 frilled lizards
  15 kobolds
  A leopard gecko zombie (D:6)
  6 rats
268 creatures vanquished.

Vanquished Creatures (others)
  Prince Ribbit (D:7)
  A killer bee (D:8)
  A jelly (D:11)
  A quokka (D:3)
  A plant (D:11)
5 creatures vanquished.

Grand Total: 273 creatures vanquished

Notes
Turn   | Place    | Note
-------+----------+-------------------------------------------
     0 | D:1      | Inarius the Minotaur Fighter began the quest for the Orb.
     0 | D:1      | Reached XP level 1. HP: 19/19 MP: 0/0
   201 | D:1      | Reached XP level 2. HP: 27/27 MP: 1/1
   748 | D:2      | Reached XP level 3. HP: 29/33 MP: 2/2
  1152 | D:2      | Noticed Sigmund
  1171 | D:2      | Killed Sigmund
  1171 | D:2      | Reached skill level 5 in Shields
  1171 | D:2      | Reached XP level 4. HP: 22/41 MP: 3/3
  1171 | D:2      | Reached XP level 5. HP: 25/47 MP: 4/4
  1513 | D:2      | Found a snail-covered altar of Cheibriados.
  1544 | D:2      | Found an ancient bone altar of Kikubaaqudgha.
  1549 | D:2      | Found a sacrificial altar of Ru.
  1567 | D:2      | Became a worshipper of Ru the Awakened
  1570 | D:2      | Found an iron altar of Okawaru.
  1571 | D:2      | Found a shattered altar of Ashenzari.
  1805 | D:3      | Found a shadowy altar of Dithmenos.
  1842 | D:3      | Found a white marble altar of Elyvilon.
  2297 | D:3      | Reached skill level 5 in Armour
  2297 | D:3      | Reached XP level 6. HP: 53/53 MP: 5/5
  2523 | D:4      | Gained mutation: You cannot be stealthy. [Ru sacrifice]
  2571 | D:4      | Found an iron altar of Okawaru.
  2577 | D:4      | Found Nieclad's Food Shop.
  2644 | D:4      | Reached skill level 1 in Polearms
  3133 | D:4      | Found Caycw's Assorted Antiques.
  3140 | D:4      | Bought a scroll labeled IFUEF FOIFRU for 26 gold pieces
  3140 | D:4      | Bought a fuming purple potion for 23 gold pieces
  3140 | D:4      | Bought a scroll labeled VOLISE ZIBOYL for 26 gold pieces
  3140 | D:4      | Bought a scroll labeled ZUSTOU JOROST for 26 gold pieces
  3140 | D:4      | Bought a white potion for 23 gold pieces
  3140 | D:4      | Bought a fuming amethyst potion for 23 gold pieces
  3140 | D:4      | Bought a white potion for 23 gold pieces
  3389 | D:4      | Found Zyofok's Antique Armour Shoppe.
  3536 | D:5      | Entered Level 5 of the Dungeon
  3667 | D:5      | Found an opulent altar of Gozag.
  3695 | D:5      | Noticed Edmund
  3703 | D:5      | Killed Edmund
  3800 | D:5      | Found Pilu's Armour Shop.
  3823 | D:5      | Reached XP level 7. HP: 60/60 MP: 6/6
  3932 | D:5      | Reached skill level 5 in Fighting
  4160 | D:6      | Reached skill level 1 in Maces & Flails
  4194 | D:6      | Found a staircase to the Ecumenical Temple.
  4209 | D:6      | Reached skill level 2 in Maces & Flails
  4215 | D:6      | Gained mutation: You possess an exceptional clarity of mind. [mutagenic meat]
  4216 | D:6      | Lost mutation: You possess an exceptional clarity of mind. [mutagenic meat]
  4217 | D:6      | Gained mutation: You are somewhat resistant to further mutation. [mutagenic meat]
  4219 | D:6      | Gained mutation: You possess an exceptional clarity of mind. [mutagenic meat]
  4220 | D:6      | Gained mutation: Your body sometimes deteriorates upon taking damage. [mutagenic meat]
  4263 | D:6      | Reached skill level 3 in Maces & Flails
  4318 | D:6      | Gained mutation: You are hated by all. [Ru sacrifice]
  4318 | D:6      | Reached * piety under Ru
  4416 | D:6      | Reached XP level 8. HP: 70/70 MP: 7/7
  4588 | D:6      | Reached skill level 4 in Maces & Flails
  4947 | D:7      | Reached skill level 5 in Maces & Flails
  5000 | D:7      | Noticed Prince Ribbit
  5006 | D:7      | Killed Prince Ribbit
  5006 | D:7      | Reached skill level 6 in Maces & Flails
  5055 | D:7      | Noticed Menkaure
  5070 | D:7      | Killed Menkaure
  5070 | D:7      | Reached skill level 7 in Maces & Flails
  5384 | D:7      | Noticed a hippogriff
  5504 | D:7      | Reached skill level 8 in Maces & Flails
  5797 | D:7      | Reached XP level 9. HP: 78/78 MP: 8/8
  5893 | D:8      | Noticed xboxut's ghost (novice TrBe)
  5917 | D:7      | Gained mutation: You are resistant to hostile enchantments. (MR+) [mutagenic meat]
  6494 | D:8      | Killed xboxut's ghost
  6494 | D:8      | Reached skill level 9 in Maces & Flails
  6594 | D:8      | Found Rizyorao's Food Boutique.
  7058 | D:8      | Reached skill level 1 in Dodging
  7102 | D:8      | Noticed a queen bee
  7273 | D:8      | Killed a queen bee
  7641 | D:8      | Reached skill level 10 in Maces & Flails
  7793 | D:8      | Reached skill level 10 in Armour
  8133 | D:8      | Reached XP level 10. HP: 88/88 MP: 9/9
  8403 | D:8      | Got an ichor-stained chain mail
  8441 | D:7      | Identified the cursed +0 chain mail of Mimorchatz {Dex+3} (You found it on level 8 of the Dungeon)
  8646 | D:9      | Found a sacrificial altar of Ru.
  8673 | D:9      | Gained mutation: You cannot study or cast Air magic. [Ru sacrifice]
  8673 | D:9      | Gained mutation: You cannot study or cast Hexes magic. [Ru sacrifice]
  8673 | D:9      | Gained mutation: You cannot study or cast Conjurations magic. [Ru sacrifice]
  8673 | D:9      | Reached ** piety under Ru
  8688 | D:9      | Found a glowing silver altar of Zin.
  9049 | D:9      | Reached skill level 11 in Maces & Flails
  9354 | D:10     | Entered Level 10 of the Dungeon
  9595 | D:10     | Noticed a hill giant
  9599 | D:10     | Killed a hill giant
  9777 | D:9      | Reached skill level 12 in Maces & Flails
 10342 | D:11     | Noticed a hill giant
 10350 | D:11     | Killed a hill giant
 10411 | D:11     | Found a staircase to the Orcish Mines.
 10463 | D:11     | Noticed a gargoyle
 10625 | D:11     | Reached XP level 11. HP: 94/97 MP: 10/10
 11029 | D:11     | Gained mutation: You are weak. (Str -2) [Ru sacrifice]
 11029 | D:11     | Reached *** piety under Ru
 11059 | D:11     | Noticed a brown ugly thing
 11066 | D:11     | Noticed a sixfirhy
 11067 | D:11     | Noticed a sixfirhy
 11069 | D:11     | Noticed a sun demon
 11523 | D:11     | Killed a brown ugly thing
 11523 | D:11     | Reached skill level 13 in Maces & Flails
 11582 | D:11     | Noticed a sun demon
 12115 | D:11     | Reached skill level 10 in Fighting
 12128 | D:11     | Found a staircase to the Lair.
 12297 | D:11     | Found a portal to a secret trove of treasure.
 12365 | D:12     | Got a scorched long sword
 12366 | D:12     | Identified the +5 long sword "Afang" {slice, Fragile rElec rF- Int+8} (You found it on level 12 of the Dungeon)
 12388 | D:12     | Got a pair of warped gloves
 12397 | D:12     | Identified the +2 pair of gloves "Toxoban" {MR+ Str+3 Int+2} (You found it on level 12 of the Dungeon)
 12398 | D:12     | Found a radiant altar of Vehumet.
 12490 | D:12     | Noticed a brown ugly thing
 12506 | D:12     | HP: 5/100 [acid (10)]
 12513 | D:12     | Killed a brown ugly thing
 12521 | D:12     | HP: 3/100 [hippogriff (4)]
 12835 | D:12     | Noticed a white ugly thing
 12862 | D:12     | Killed a white ugly thing
 12862 | D:12     | Reached skill level 5 in Long Blades
 12870 | D:12     | Gained mutation: You have sharp fingernails. [mutagenic meat]
 13177 | D:12     | Found Adio's Food Shoppe.
 13263 | D:12     | Noticed a hill giant
 13272 | D:12     | Killed a hill giant
 13784 | D:12     | Gained mutation: Scrolls take you a little longer to read. [mutagenic meat]
 13786 | D:13     | Noticed a hill giant
 13802 | D:12     | Killed a hill giant
 13861 | D:13     | Gained mutation: You are very weak. (Str -4) [mutagenic meat]
 13880 | D:13     | Noticed an eight-headed hydra
 13918 | D:12     | HP: 3/101 [12-headed hydra (4)]
 13918 | D:12     | HP: 1/101 [12-headed hydra (2)]
 13919 | D:12     | Slain by a 12-headed hydra

Skill      XL: |  1  2  3  4  5  6  7  8  9 10 11 |
---------------+----------------------------------+-----
Armour         | 4 5 6 7 8 10 11 12 | 12.7
Fighting       | 4 5 6 8 9 10 | 10.8
Shields        | 4 5 6 |  6.2
Long Blades    | 4 6 |  6.8
Polearms       | 3 |  3.1
Maces & Flails | 3 8 10 12 13 | 13.6
Dodging        | 1 |  1.6
Throwing       | |  0.6

Action                   |  1- 3 |  4- 6 |  7- 9 | 10-12 || total
-------------------------+-------+-------+-------+-------++-------
Melee: Long sword        |    93 |     2 |       |   136 ||   231
       Headbutt          |    13 |    11 |    52 |    99 ||   175
       Scythe            |       |    89 |       |       ||    89
       Dire flail        |       |     8 |   280 |   229 ||   517
       Unarmed           |       |       |       |     6 ||     6
Throw: Tomahawk          |       |       |       |     1 ||     1
Invok: Sacrifice Stealth |       |     1 |       |       ||     1
       Sacrifice Love    |       |       |     1 |       ||     1
       Sacrifice Arcana  |       |       |       |     1 ||     1
       Draw Out Power    |       |       |       |     1 ||     1
       Sacrifice Purity  |       |       |       |     1 ||     1
  Use: Scroll            |     1 |     1 |    10 |    12 ||    24
       Potion            |     1 |     1 |     1 |     8 ||    11
 Stab: Distracted        |       |       |     1 |       ||     1
       Paralysed         |       |       |       |     1 ||     1
       Invisible         |       |       |       |     1 ||     1
  Eat: Chunk             |     1 |     4 |    21 |    18 ||    44
       Meat ration       |       |     1 |     1 |     3 ||     5
       Fruit             |       |       |     1 |       ||     1
       Royal jelly       |       |       |     1 |       ||     1
       Beef jerky        |       |       |       |     2 ||     2
Armor: Scale mail        |    11 |       |       |       ||    11
       Ring mail         |     5 |       |       |       ||     5
       Plate armour      |    22 |   117 |   196 |   235 ||   570
Dodge: Dodged            |    29 |    41 |    88 |   104 ||   262
Block: Shield            |    54 |       |       |    94 ||   148
       Rpst.: Long sword |     9 |       |       |     4 ||    13
